 Dungeon Crawl Stone Soup version 0.22.0-38-g04b72b8 (webtiles) character file.

106 Lew the Shield-Bearer (level 4, -4/41 HPs)
             Began as a Gnoll Fighter on Aug 28, 2018.
             Slain by a worm (7 damage)
             ... on level 2 of the Dungeon.
             The game lasted 00:02:28 (1134 turns).

Lew the Shield-Bearer (Gnoll Fighter)               Turns: 1134, Time: 00:02:29

Health: -4/41      AC:  7    Str: 19    XL:     4   Next: 84%
Magic:  5/5        EV:  8    Int: 10    God:
Gold:   122        SH: 11    Dex: 15    Spells: 5/5 levels left

rFire    . . .     SeeInvis .   a - +0 long sword
rCold    . . .     Gourm    .   c - +0 shield
rNeg     . . .     Faith    .   b - +0 scale mail
rPois    .         Spirit   .   (no helmet)
rElec    .         Reflect  .   (no cloak)
rCorr    .         Harm     .   (no gloves)
MR       .....                  (no boots)
Stlth    ..........             (no amulet)
HPRegen  0.13/turn              (no ring)
MPRegen  0.09/turn              (no ring)

@: no status effects
A: distributed training, fangs 1, strong nose
a: no special abilities


You were on level 2 of the Dungeon.
You were hungry.

You visited 1 branch of the dungeon, and saw 2 of its levels.

You collected 122 gold pieces.

Inventory:

Hand Weapons
 a - a +0 long sword (weapon)
Armour
 b - a +0 scale mail (worn)
 c - a +0 shield (worn)
Scrolls
 e - a scroll of enchant armour {unknown}
 g - a scroll of random uselessness {unknown}
 h - a scroll of blinking {unknown}
 i - a scroll of fog {unknown}
 j - 5 scrolls of identify {unknown}
 l - a scroll of teleportation {unknown}
 n - a scroll of enchant weapon {unknown}
Potions
 d - a potion of might
 k - a potion of heal wounds {unknown}
 m - a potion of berserk rage {unknown}
 o - a potion of curing
Comestibles
 f - 4 rations


   Skills:
 + Level 6.6 Fighting
 + Level 1.2 Short Blades
 + Level 4.7 Long Blades
 + Level 1.2 Axes
 + Level 1.2 Maces & Flails
 + Level 1.2 Polearms
 + Level 1.2 Staves
 + Level 1.2 Slings
 + Level 1.2 Bows
 + Level 1.2 Crossbows
 + Level 1.2 Throwing
 + Level 6.6 Armour
 + Level 1.2 Dodging
 + Level 1.2 Stealth
 + Level 6.6 Shields
 + Level 1.2 Unarmed Combat
 + Level 1.2 Spellcasting
 + Level 1.0 Conjurations
 + Level 1.0 Hexes
 + Level 1.0 Charms
 + Level 1.0 Summonings
 + Level 1.0 Necromancy
 + Level 1.0 Translocations
 + Level 1.0 Transmutations
 + Level 1.0 Fire Magic
 + Level 1.0 Ice Magic
 + Level 1.0 Air Magic
 + Level 1.0 Earth Magic
 + Level 1.0 Poison Magic
 + Level 1.3 Invocations
 + Level 1.2 Evocations


You had 5 spell levels left.
You didn't know any spells.
Your spell library was empty.

Dungeon Overview and Level Annotations

Branches:
Dungeon (2/15)

Altars:


Innate Abilities, Weirdness & Mutations

Your experience applies equally to all skills.
You have very sharp teeth.
Your uncanny sense of smell can sniff out nearby items.


Message History

You miss the adder. Your bite misses the adder.
The adder is severely wounded.
The adder bites you.
* * * LOW HITPOINT WARNING * * *
You block the adder's attack.
You hit the adder.
The adder is almost dead.
The adder completely misses you.
You riposte.
You slash the adder!
You kill the adder!
You hit the worm. Your bite misses the worm.
The worm is lightly wounded.
The worm bites you.
* * * LOW HITPOINT WARNING * * *
You barely miss the worm.
The worm is lightly wounded.
You block the worm's attack.
You barely miss the worm. You bite the worm.
The worm is lightly wounded.
The worm bites you!
You die...

####...###.###.....#######.#.#
##.## #...................#
#.# #..##....>#######.###
#.####..##.#.#.........#
#..<.......#.###########
############.# #.# #.# #@# #w#
#.# #.# #....# .........
####....### ...... ###...##


You could see a worm.

Vanquished Creatures
  An orc wizard (D:2)
  Terence (D:2)
  An adder (D:2)
  A worm (D:2)
  A leopard gecko (D:2)
  3 orcs (D:2)
  4 giant cockroaches
  3 goblins
  3 hobgoblins (D:1)
  4 jackals (D:2)
  6 kobolds
  A ball python (D:1)
  2 bats (D:1)
  3 frilled lizards
  3 rats (D:1)
37 creatures vanquished.

Notes
Turn   | Place    | Note
-------+----------+-------------------------------------------
     0 | D:1      | Lew the Gnoll Fighter began the quest for the Orb.
     0 | D:1      | Reached XP level 1. HP: 23/23 MP: 1/1
    74 | D:1      | Reached XP level 2. HP: 28/29 MP: 2/2
   776 | D:2      | Reached XP level 3. HP: 35/35 MP: 3/3
   973 | D:2      | Noticed Terence
   985 | D:2      | Reached skill level 1 in Invocations
   995 | D:2      | Reached skill level 1 in Short Blades
   995 | D:2      | Reached skill level 1 in Axes
   995 | D:2      | Reached skill level 1 in Maces & Flails
   995 | D:2      | Reached skill level 1 in Polearms
   995 | D:2      | Reached skill level 1 in Staves
   995 | D:2      | Reached skill level 1 in Slings
   995 | D:2      | Reached skill level 1 in Bows
   995 | D:2      | Reached skill level 1 in Crossbows
   995 | D:2      | Reached skill level 1 in Throwing
   995 | D:2      | Reached skill level 1 in Dodging
   995 | D:2      | Reached skill level 1 in Stealth
   995 | D:2      | Reached skill level 1 in Unarmed Combat
   995 | D:2      | Reached skill level 1 in Spellcasting
   995 | D:2      | Reached skill level 1 in Evocations
   995 | D:2      | Reached XP level 4. HP: 32/41 MP: 5/5
  1000 | D:2      | Killed Terence
  1000 | D:2      | Reached skill level 1 in Conjurations
  1000 | D:2      | Reached skill level 1 in Hexes
  1000 | D:2      | Reached skill level 1 in Charms
  1000 | D:2      | Reached skill level 1 in Summonings
  1000 | D:2      | Reached skill level 1 in Necromancy
  1000 | D:2      | Reached skill level 1 in Translocations
  1000 | D:2      | Reached skill level 1 in Transmutations
  1000 | D:2      | Reached skill level 1 in Fire Magic
  1000 | D:2      | Reached skill level 1 in Ice Magic
  1000 | D:2      | Reached skill level 1 in Air Magic
  1000 | D:2      | Reached skill level 1 in Earth Magic
  1000 | D:2      | Reached skill level 1 in Poison Magic
  1132 | D:2      | HP: 2/41 [worm (4)]
  1134 | D:2      | Slain by a worm

Skill      XL: |  1  2  3  4 |
---------------+-------------+-----
Invocations    | 1 |  1.3
Short Blades   | 1 |  1.2
Axes           | 1 |  1.2
Maces & Flails | 1 |  1.2
Polearms       | 1 |  1.2
Staves         | 1 |  1.2
Slings         | 1 |  1.2
Bows           | 1 |  1.2
Crossbows      | 1 |  1.2
Throwing       | 1 |  1.2
Dodging        | 1 |  1.2
Stealth        | 1 |  1.2
Unarmed Combat | 1 |  1.2
Spellcasting   | 1 |  1.2
Evocations     | 1 |  1.2
Conjurations   | 1 |  1.0
Hexes          | 1 |  1.0
Charms         | 1 |  1.0
Summonings     | 1 |  1.0
Necromancy     | 1 |  1.0
Translocations | 1 |  1.0
Transmutations | 1 |  1.0
Fire Magic     | 1 |  1.0
Ice Magic      | 1 |  1.0
Air Magic      | 1 |  1.0
Earth Magic    | 1 |  1.0
Poison Magic   | 1 |  1.0
Fighting       | |  6.6
Long Blades    | |  4.7
Armour         | |  6.6
Shields        | |  6.6

Action                   |  1- 3 |  4- 6 || total
-------------------------+-------+-------++-------
Melee: Long sword        |    86 |    28 ||   114
       Bite              |     7 |     4 ||    11
  Use: Potion            |       |     1 ||     1
Armor: Scale mail        |    25 |    11 ||    36
Dodge: Dodged            |    29 |     8 ||    37
Block: Shield            |    41 |    15 ||    56
       Rpst.: Long sword |     8 |     4 ||    12
